 Dungeon Crawl Stone Soup version 0.29-a0-194-g6e3aafee17 (webtiles) character file.

Game seed: 6529735973678144752

3520 drugrobin the Spear-Bearer (level 9, -2/67 HPs)
             Began as a Demigod Warper on Feb 22, 2022.
             Slain by a wolf (4 damage)
             ... on level 8 of the Dungeon.
             The game lasted 00:35:35 (13478 turns).

drugrobin the Spear-Bearer (Demigod Warper)        Turns: 13478, Time: 00:35:36

Health: -2/67      AC: 10    Str: 24    XL:     9   Next: 52%
Magic:  14/14      EV: 11    Int: 15    God:
Gold:   500        SH:  0    Dex: 13    Spells: 2/11 levels left

rFire   . . .      SeeInvis .   c - +2 short sword (venom)
rCold   + . .      Faith    .   (no shield)
rNeg    . . .      Spirit   .   y - +4 ring mail {rC+}
rPois   .          Reflect  .   (no helmet)
rElec   .          Harm     .   n - +0 cloak
rCorr   .          Rampage  .   (no gloves)
Will    .....                   (no boots)
Stlth   +.........              x - amulet of magic regeneration
HPRegen 0.21/turn               (no ring)
MPRegen 0.54/turn               (no ring)

@: no status effects
A: high MP 1, forlorn, divine attributes
a: no special abilities


You were on level 8 of the Dungeon.
You visited 1 branch of the dungeon, and saw 8 of its levels.
You also visited: Sewer.

You collected 500 gold pieces.

Inventory:

Hand Weapons
 a - a +0 trident
 b - a +0 hunting sling
 c - a +2 short sword of venom (weapon)
 e - a +0 spear
 u - a +1 rapier of electrocution
 I - a +0 glaive
Missiles
 d - a boomerang of dispersal (quivered)
 k - 247 stones
 p - 14 poisoned darts
Armour
 l - a +2 robe of cold resistance
 n - a +0 cloak (worn)
 t - a +2 leather armour of cold resistance
 y - a +4 ring mail of cold resistance (worn)
Jewellery
 x - an amulet of magic regeneration (around neck)
 D - a +6 ring of intelligence
Wands
 m - a wand of charming (5)
 q - a wand of paralysis (6)
 B - a wand of mindburst (14)
 C - a wand of iceblast (5)
 G - a wand of acid (7)
 H - a wand of flame (3)
Scrolls
 g - 2 scrolls of torment {unknown}
 h - a scroll of blinking
 i - 2 scrolls of silence
 j - 4 scrolls of teleportation
 r - 3 scrolls of vulnerability
 s - a scroll of enchant weapon {unknown}
 w - 2 scrolls of immolation {unknown}
 z - 4 scrolls of amnesia {unknown}
 E - a scroll of fog
 K - a scroll of identify
Potions
 f - a potion of brilliance
 o - 2 potions of curing
 A - a potion of mutation {unknown}
 J - a potion of invisibility {unknown}


   Skills:
 - Level 1.7 Fighting
 + Level 9.4 Polearms
 - Level 0.8 Throwing
 - Level 0.8 Armour
 - Level 1.7 Dodging
 - Level 2.0 Stealth
 - Level 1.7 Spellcasting
 + Level 9.2 Translocations


You had 2 spell levels left.
You knew the following spells:

 Your Spells              Type           Power      Damage    Failure   Level
a - Blink                 Tloc           58%        N/A       1%          2
b - Teleport Other        Tloc           29%        N/A       2%          3
c - Gell's Gravitas       Tloc           29%        N/A       2%          3
q - Apportation           Tloc           58%        N/A       1%          1

Your spell library contained the following spells:

 Spells                   Type           Power      Damage    Failure   Level
 Animate Skeleton         Necr           2%         N/A       34%         1
 Summon Small Mammal      Summ           4%         N/A       34%         1
 Lesser Beckoning         Tloc           29%        N/A       2%          3
 Manifold Assault         Tloc           29%        N/A       22%         5
 Call Canine Familiar     Summ           1%         N/A       71%         3
 Confusing Touch          Hex            1%         N/A       71%         3
 Inner Flame              Hex/Fire       1%         N/A       71%         3
 Summon Guardian Golem    Hex/Summ       1%         N/A       71%         3
 Cause Fear               Hex            0%         N/A       98%         4
 Yara's Violent Unravell  Hex/Tmut       0%         3d3       100%        5
 Enfeeble                 Hex            0%         N/A       100%        7
 Discord                  Hex            0%         N/A       100%        8


Dungeon Overview and Level Annotations

Branches:
Dungeon (8/15)             Temple (0/1) D:5           Sewer (visited)
   Lair: D:8-11

Annotations:
D:3 exclusion: 6 doors
D:5 SirDiesAlot's ghost, amateur DEFE; Zeldest's ghost, weakling VSDe; bronco's ghost, amateur GnCK; cyrus's ghost, novice GnFi


Innate Abilities, Weirdness & Mutations

You have an increased reservoir of magic. (+10% MP)
You shall have no god before yourself.
Your divine heritage dramatically boosts your attributes as you level up.


Message History

* * * LOW HITPOINT WARNING * * *
You kill the wolf!
You miss the wolf. The wolf bites you.
* * * LOW HITPOINT WARNING * * *
The wolf bites you.
* * * LOW HITPOINT WARNING * * *
Unknown command.
You closely miss the wolf. The wolf closely misses you.
Unknown command.
You hit the wolf.
The wolf is moderately wounded.
The wolf bites you.
* * * LOW HITPOINT WARNING * * *
The wolf bites you but does no damage.
Unknown command.
Throw: throwing net
Press: ? - help, Shift-Dir - straight line, f - wolf
Aim: a wolf (moderately wounded, 35% to hit)
You throw a throwing net.
The throwing net barely misses the wolf.
The throwing net hits the hound.
The hound is caught in the net!
The wolf bites you but does no damage. The wolf closely misses you.
The hound struggles against the net.
Unknown command.
You miss the wolf.
The wolf is moderately wounded.
The wolf bites you.
* * * LOW HITPOINT WARNING * * *
The hound struggles against the net.
The wolf bites you but does no damage.
Unknown command.
Unknown command.
You barely miss the wolf.
The wolf is moderately wounded.
The hound struggles against the net.
The net rips apart, and the hound comes free!
The wolf pauses to sniff the ground.
The wolf bites you!
* * * LOW HITPOINT WARNING * * *
The wolf bites you.
You die...

#...######.#.## .#...≈≈≈.. ....
##..#.#########.#...≈≈hh. #..#
##..###..........#..≈≈≈≈≈.
#..#####....#.########..#..≈≈≈≈≈.
#............## #..#.≈.≈≈.≈(
#...####.....# #..#...≈≈.≈. ....#
##...## #..#....≈.≈. ....#
##.###########..#(....... ###.#
#......@hhh(.(.......... #.#
############..####..#.#. #.#
#...# .## ... ......# # #
###....# #....# #..... .......
###..###


You could see a wolf and 2 hounds.

Vanquished Creatures
  The ghost of Foxy the Spear-Bearer, a novice MfGl (D:5)
  A troll (D:8)
  Prince Ribbit (D:7)
  Sigmund (D:6)
  A steam dragon (D:6)
  Edmund (D:5)
  Duvessa (D:7)
  A hornet zombie (D:4)
  3 necrophages
  2 sky beasts
  An ogre (D:6)
  A centaur (D:7)
  2 wolves (D:8)
  A phantom (D:5)
  2 bullfrogs (Sewer)
  A scorpion (D:6)
  2 wyvern skeletons (D:6)
  Dowan (D:7)
  A howler monkey (D:6)
  3 hounds
  A bullfrog zombie (D:6)
  3 orc priests (D:5)
  2 gnoll shamans
  2 bullfrog skeletons
  A centaur skeleton (D:5)
  3 iguanas
  7 orc wizards
  Jessica (D:2)
  A scorpion zombie (D:5)
  2 hound skeletons (D:4)
  16 gnolls
  8 adders
  A river rat (D:4)
  A white imp (D:5)
  3 dart slugs
  The ghost of hellse the Sneak, a weakling VSDe (D:6)
  13 orcs
  3 endoplasms
  12 giant cockroaches
  8 hobgoblins
  4 jackals (D:2)
  7 quokkas
  7 ball pythons
  5 bats
  10 frilled lizards
  4 goblins
  3 kobolds
  7 rats
164 creatures vanquished.

Vanquished Creatures (others)
  31 plants
31 creatures vanquished.

Grand Total: 195 creatures vanquished

Notes
Turn   | Place    | Note
-------+----------+-------------------------------------------
     0 | D:1      | drugrobin the Demigod Warper began the quest for the Orb.
     0 | D:1      | Reached XP level 1. HP: 17/17 MP: 5/5
   745 | D:1      | Reached XP level 2. HP: 10/24 MP: 7/7
   918 | D:1      | Learned a level 2 spell: Blink
  2115 | D:2      | Noticed Jessica
  2138 | D:2      | Killed Jessica
  2139 | D:2      | Reached skill level 1 in Stealth
  2139 | D:2      | Reached XP level 3. HP: 26/29 MP: 8/8
  2536 | D:1      | Learned a level 3 spell: Teleport Other
  2843 | D:1      | Reached XP level 4. HP: 27/36 MP: 9/9
  3474 | D:3      | Noticed a sky beast
  3942 | D:3      | Killed a sky beast
  3943 | D:3      | Reached XP level 5. HP: 31/41 MP: 10/10
  4224 | D:4      | Noticed a necrophage
  4599 | D:4      | Found a glowing drain.
  4607 | Sewer    | Entered a sewer
  5097 | Sewer    | Reached XP level 6. HP: 40/48 MP: 11/11
  5511 | Sewer    | Reached skill level 5 in Polearms
  6003 | D:4      | Reached skill level 5 in Translocations
  6604 | D:4      | Reached XP level 7. HP: 44/53 MP: 12/12
  7166 | D:5      | Entered Level 5 of the Dungeon
  7166 | D:5      | Found a staircase to the Ecumenical Temple.
  8480 | D:5      | Noticed Edmund
  8495 | D:5      | Killed Edmund
  8557 | D:5      | Found a runed translucent gate.
  8557 | D:5      | Found a runed translucent gate.
  8696 | D:5      | Reached XP level 8. HP: 59/60 MP: 13/13
  9021 | D:5      | Found a runed translucent gate.
  9022 | D:5      | Noticed bronco's ghost (amateur GnCK)
  9022 | D:5      | Noticed cyrus's ghost (novice GnFi)
  9022 | D:5      | Noticed Zeldest's ghost (weakling VSDe)
  9022 | D:5      | Noticed SirDiesAlot's ghost (amateur DEFE)
  9022 | D:5      | Noticed Foxy's ghost (novice MfGl)
  9070 | D:5      | Killed Foxy's ghost
  9326 | D:6      | Found a runed translucent gate.
  9326 | D:6      | Found a runed translucent gate.
  9326 | D:6      | Found a runed translucent gate.
  9326 | D:6      | Noticed hellse's ghost (weakling VSDe)
  9338 | D:6      | Killed hellse's ghost
 10881 | D:6      | Learned a level 3 spell: Gell's Gravitas
 10883 | D:6      | Learned a level 1 spell: Apportation
 10905 | D:6      | Reached XP level 9. HP: 56/67 MP: 14/14
 10974 | D:6      | Identified the +10 long sword of Righteous Anger {vorpal,
                  | rC- Str-4 Int+10 Stlth+}
 11627 | D:6      | Noticed Sigmund
 11644 | D:6      | Killed Sigmund
 11929 | D:7      | Noticed a gargoyle
 12187 | D:7      | Noticed Prince Ribbit
 12274 | D:7      | Killed Prince Ribbit
 12749 | D:7      | Noticed Duvessa
 12761 | D:7      | Noticed Dowan
 12780 | D:7      | Killed Duvessa
 12783 | D:7      | Killed Dowan
 13478 | D:8      | HP: 2/67 [wolf (8)]
 13478 | D:8      | Slain by a wolf

Illustrated notes

Levels and vault maps discovered:
D:1:      saegor_arrival_under_anarchy, layout_basic, item_on_display_b
D:2:      layout_loops_ring, basic_altar, corexii_shack, uniq_jessica
D:3:      layout_loops_ring, serial_glass, glass_columns_a, glass_columns_a,
          due_unseen_surprise, kennysheep_donut
D:4:      layout_basic, gup_sewer_entry_bubbles
D:5:      layout_basic, minmay_temple_entry_mist, gammafunk_ghost_cemetery,
          grunt_decor_cap, st_stairs_8, uniq_edmund
D:6:      layout_loops_ring, ebering_ghost_rock_garden, serial_bayou,
          serial_bayou_pond_d, serial_bayou_crossing, serial_bayou_pond_d,
          serial_bayou_pond_c, uniq_sigmund
D:7:      layout_loops_ring, uniq_prince_ribbit1, uniq_duvessa
D:8:      layout_loops_ring, erik_lair_island, chequers_serial_rivers_room_a

Skill      XL: |  1  2  3  4  5  6  7  8  9 |
---------------+----------------------------+-----
Polearms       | 2 3 4 5 6 8 9 |  9.4
Stealth        | 1 2 |  2.0
Translocations | 3 4 5 6 8 9 |  9.2
Fighting       | |  1.7
Throwing       | |  0.8
Armour         | |  0.8
Dodging        | |  1.7
Spellcasting   | |  1.7

Action                   |  1- 3 |  4- 6 |  7- 9 || total
-------------------------+-------+-------+-------++-------
Melee: Spear             |    51 |    84 |   139 ||   274
       Short sword       |    52 |   144 |   178 ||   374
       Punch             |       |     3 |     5 ||     8
       Trident           |       |       |   119 ||   119
       Rapier            |       |       |    38 ||    38
 Fire: Hunting sling     |    17 |    42 |    51 ||   110
Throw: Boomerang         |     2 |     2 |       ||     4
       Stone             |     3 |       |       ||     3
       Dart              |       |       |    10 ||    10
       Throwing net      |       |       |     5 ||     5
 Cast: Teleport Other    |     1 |     5 |     3 ||     9
       Blink             |     1 |    10 |     2 ||    13
       Apportation       |       |       |     2 ||     2
Evoke: Wand              |       |       |     1 ||     1
  Use: Scroll            |       |     5 |     2 ||     7
       Potion            |       |     1 |     6 ||     7
 Stab: Sleeping          |     1 |     7 |       ||     8
       Held in net/web   |       |       |     2 ||     2
Armor: Leather armour    |    17 |       |       ||    17
       Robe              |     9 |    61 |    14 ||    84
       Ring mail         |       |       |   104 ||   104
       Skin              |       |       |    27 ||    27
Dodge: Dodged            |    44 |   165 |   189 ||   398

Table legend: (Time is in decaauts)
 A = Elapsed time spent in this place.
 B = Non-inter-level travel time spent in this place.
 C = Inter-level travel time spent in this place.
 D = Time resting spent in this place.
 E = Time spent auto-exploring this place.
 F = Levels seen in this place.
 G = Mean time per level.
                   A        B        C        D        E       F      G
               +--------+--------+--------+--------+--------+-----+--------+
         Total |  13645 |  13321 |    324 |   4332 |   5536 |   9 | 1516.1 |
       Dungeon |  12391 |  12067 |    324 |   3879 |   5332 |   8 | 1548.9 |
         Sewer |   1254 |   1254 |      0 |    453 |    204 |   1 | 1254.0 |
               +--------+--------+--------+--------+--------+-----+--------+

Top non-repeatable levels by time:
     D:6: 2623 daAuts
     D:1: 2151 daAuts
     D:5: 1915 daAuts
     D:3: 1498 daAuts
     D:4: 1316 daAuts
     D:7: 1286 daAuts
   Sewer: 1254 daAuts
     D:2: 1215 daAuts
     D:8: 384 daAuts
